 Dungeon Crawl Stone Soup version 0.22-a0-322-g60b3cfd (webtiles) character file.

126 4thArraOfDagon the Cutter (level 5, 0/33 HPs)
             Began as a Halfling Wanderer on Apr 4, 2018.
             Was a Follower of Elyvilon.
             Killed from afar by an orc wizard (3 damage)
             ... with a magic dart
             ... on level 4 of the Dungeon.
             The game lasted 00:04:31 (2313 turns).

4thArraOfDagon the Cutter (Halfling Wanderer)       Turns: 2313, Time: 00:04:31

Health: 0/33       AC:  6    Str: 11 (12) XL:     5   Next: 31%
Magic:  7/7        EV: 13    Int:  8 (11) God:    Elyvilon [*.....]
Gold:   133        SH:  7    Dex: 14 (15) Spells: 7/7 levels left

rFire    . . .     SeeInvis .   e - +0 falchion
rCold    . . .     Gourm    .   a - +0 shield
rNeg     . . .     Faith    .   c - +0 ring mail
rPois    .         Spirit   .   (no helmet)
rElec    .         Reflect  .   (no cloak)
rCorr    .         Harm     .   s - +0 pair of gloves
MR       .....                  (no boots)
Stlth    +.........             (no amulet)
HPRegen  0.11/turn              h - +2 ring of slaying
MPRegen  0.10/turn              k - +4 ring of evasion

@: very slightly contaminated, invisible
A: small, mutation resistance 1
a: Lesser Healing, Divine Protection, Renounce Religion


You were on level 4 of the Dungeon.
You worshipped Elyvilon.
Elyvilon was aware of your devotion.
You were not hungry.

You visited 1 branch of the dungeon, and saw 4 of its levels.

You collected 133 gold pieces.

Inventory:

Hand Weapons
 d - a +0 dagger
 e - a +0 falchion (weapon)
 m - a +0 mace of holy wrath
 n - a +4 mace
Armour
 a - a +0 shield (worn)
 c - a +0 ring mail (worn)
 s - a +0 pair of gloves (worn)
Jewellery
 h - a +2 ring of slaying (left hand)
 k - a +4 ring of evasion (right hand)
Scrolls
 r - a scroll of noise {unknown}
 t - a scroll of magic mapping {unknown}
Potions
 j - a potion of flight
 l - a potion of might
Comestibles
 f - 4 rations
 o - 2 chunks of flesh


   Skills:
 + Level 1.6 Fighting
 - Level 4.0 Short Blades
 * Level 0.0(1.9) Long Blades
 - Level 1.0 Throwing
 - Level 3.2 Armour
 - Level 1.1 Shields
 - Level 1.5 Spellcasting
   Level 1.0 Fire Magic
   Level 2.0 Poison Magic
 + Level 2.1 Invocations


You had 7 spell levels left.
You didn't know any spells.

Dungeon Overview and Level Annotations

Branches:
Dungeon (4/15)
 Temple: D:4-7

Altars:
Elyvilon


Innate Abilities, Weirdness & Mutations

You are small and have problems with some larger weapons.
You are somewhat resistant to further mutation.


Message History

The orc priest resists with some effort.
The orc barely misses you. x2; You riposte.
Your ring mail prevents you from hitting the orc.
The orc priest closely misses you. The orc hits you but does no damage.
You block the orc's attack. x2; The orc completely misses you.
You riposte.
You closely miss the orc.
You catch the helpless orc priest completely off-guard!
You hit the orc priest but do no damage.
The orc priest is lightly wounded.
The orc priest closely misses you. You block the orc's attack.
The orc hits you but does no damage. The orc barely misses you.
You riposte.
You hit the orc.
The orc is heavily wounded.
The orc priest invokes the aid of Beogh against you.
Pain shoots through your body!
* * * LOW HITPOINT WARNING * * *
The orc hits you but does no damage. The orc barely misses you.
The orc wizard points at you and mumbles some strange words.
The magic dart hits you!
You die...

......#............
#....##.........
##.............!
#..............
#.(............
#.......<...?.. .
#<<............ ...
#.รท....oo.o....
.....##......@.....o.
........[....ooo.....
.(...#.#.......$.....
..............##.....
..........##### ##..)
........... .#
..........## #
##........# #.....
..#


You could see an orc priest, 2 orc wizards and 4 orcs.

Vanquished Creatures
  An orc wizard (D:3)
  Natasha (D:3)
  2 adders (D:2)
  An ooze (D:2)
  An adder skeleton (D:4)
  2 worms (D:2)
  A dart slug (D:1)
  2 leopard geckos (D:2)
  5 orcs (D:3)
  2 giant cockroaches
  3 goblins
  6 hobgoblins
  A jackal (D:4)
  2 kobolds (D:2)
  A quokka (D:2)
  3 bats
  2 frilled lizards (D:1)
  3 rats (D:2)
39 creatures vanquished.

Notes
Turn   | Place    | Note
-------+----------+-------------------------------------------
     0 | D:1      | 4thArraOfDagon the Halfling Wanderer began the quest for the Orb.
     0 | D:1      | 4thArraOfDagon set off with: a +0 shield, a +0 ring mail, a +0 dagger, a ration
     0 | D:1      | Reached XP level 1. HP: 11/11 MP: 3/3
   124 | D:1      | Reached skill level 1 in Short Blades
   585 | D:1      | Reached XP level 2. HP: 11/17 MP: 4/4
   706 | D:1      | Reached skill level 2 in Short Blades
  1122 | D:2      | Reached XP level 3. HP: 21/21 MP: 5/5
  1161 | D:2      | Reached skill level 3 in Short Blades
  1665 | D:2      | Found a faded altar of an unknown god.
  1692 | D:2      | Reached XP level 4. HP: 27/27 MP: 6/6
  1702 | D:2      | Became a worshipper of Elyvilon the Healer
  1702 | D:2      | Reached * piety under Elyvilon
  1736 | D:2      | Reached skill level 4 in Short Blades
  2096 | D:3      | Noticed Natasha
  2112 | D:3      | Killed Natasha
  2112 | D:3      | Reached skill level 1 in Fighting
  2112 | D:3      | Reached skill level 1 in Invocations
  2262 | D:3      | Reached XP level 5. HP: 14/33 MP: 7/7
  2313 | D:4      | Killed from afar by an orc wizard

Vault maps used:
D:1:      dpeg_arrival_water_fire
D:2:      chequers_ecumenical_altar_simple, first_ration,
          uniq_crazy_yiuf_cottage
D:3:      gammafunk_temple_overflow_forgotten, lemuel_doored_altar, uniq_natasha
D:4:      grunt_temple_overflow_champion_of_chaos, minitemple,
          kennysheep_generic_room_16, uniq_menkaure

Skill      XL: |  1  2  3  4  5 |
---------------+----------------+-----
Short Blades   | 1 2 3 4 |  4.0
Fighting       | 1 |  1.6
Invocations    | 1 2 |  2.1
Throwing       | |  1.0
Armour         | |  3.2
Shields        | |  1.1
Spellcasting   | |  1.5
Fire Magic     | |  1.0
Poison Magic   | |  2.0

Action                   |  1- 3 |  4- 6 || total
-------------------------+-------+-------++-------
Melee: Dagger            |   139 |   110 ||   249
       Unarmed           |       |     7 ||     7
       Falchion          |       |     2 ||     2
Invok: Lesser Healing    |       |     2 ||     2
  Use: Potion            |       |     9 ||     9
 Stab: Invisible         |       |     1 ||     1
  Eat: Chunk             |     2 |     3 ||     5
Armor: Ring mail         |    26 |    19 ||    45
       Skin              |       |     1 ||     1
Dodge: Dodged            |    47 |    60 ||   107
Block: Shield            |    44 |    29 ||    73
       Rpst.: Falchion   |       |     7 ||     7

Table legend:
 A = Spawn XP
 B = Non-spawn XP
 C = Spawn XP percentage of total XP
 D = Spawn monster count
 E = Non-spawn monster count
 F = Spawn count percentage of total count
 G = Total turns spent on level
                    A         B        C        D         E        F      G
               +---------+---------+-------+---------+---------+-------+---------
         Total |       0 |     180 |   0.0 |       0 |      39 |   0.0 |  2313
               +---------+---------+-------+---------+---------+-------+---------
           D:1 |       0 |      14 |   0.0 |       0 |       7 |   0.0 |   780
           D:2 |       0 |      68 |   0.0 |       0 |      20 |   0.0 |  1280
           D:3 |       0 |      89 |   0.0 |       0 |       9 |   0.0 |   188
           D:4 |       0 |       9 |   0.0 |       0 |       3 |   0.0 |    65
               +---------+---------+-------+---------+---------+-------+---------
